badnik, neutral male gnomish Archeologist --------------------------------------------------------------------------- |*......%%...............................................l..!.............| |.............................................B...........................| |.........................................................................| |........:.......................i...............?......?.....>...........| |.........................................................................| |......................i..................................................| |.........................................................................| |.......<............a.o.................n................................| |..................aaao.o..........:a.......................?.............| |................aaaa.....................................P............(..| |.................@i..o...........a......................o..........%.....| |.......................e....k............................................| |..............................n...a.y...........*....!....d..n...........| |....a.........^.............@@...a.....%........@...e.......`............| |.......?.:...................(...a..............M........................| |..................................................................:......| --------------------------------------------------------------------------- badnik the Digger Experience level: 1 Strength: 13 Dexterity: 9 Constitution: 12 Intelligence: 14 Wisdom: 18 Charisma: 9 Health: 0(12) Energy: 3(3) Def: 1 Gold: 0 Moves: 280 Dungeon seed: jRNunr9fWYZQ3_nD Game ID: badnik_1498648276 Your Inventory: Weapons a - a +2 bullwhip Armor e - an uncursed +0 leather jacket (being worn) n - an uncursed +0 fedora (being worn) Comestibles b - 3 uncursed food rations Potions h - an uncursed potion of speed Tools c - a +0 pick-axe (weapon in hand) d - a tinning kit (0:54) f - an uncursed sack g - an uncursed tin opener Gems q - an uncursed touchstone Spells and supernatural/magical abilities: Name Level Category Fail Memory W - pray for help -- divine ? -- Your skills at the end: Fighting Skills Weapon Skills pick-axe [Basic] whip [Basic] Spellcasting Skills Final Attributes: You were fervently aligned. You had infravision. You were stealthy. You were fast. You are dead. Vanquished creatures: a grid bug Voluntary challenges: You went without food. You were an atheist. You never hit with a wielded weapon. You were a pacifist. You were illiterate. You never genocided any monsters. You never polymorphed an object. You never changed form. You used no wishes. You never split a pudding. You never wrote Elbereth's name. You never violated your personal moral code. Dungeon overview: The Dungeons of Doom: levels 1 to 12 Level 1 a long staircase Level 2 Level 3 Level 4 Level 5 Level 6 Level 7 Level 8 Level 9 Level 10 Level 11 a fountain Level 12 <- You were here History has recorded: On T:1 you entered the Dungeons of Doom to retrieve the Amulet of Yendor! On T:26 you reached level 2 of The Dungeons of Doom. On T:46 you reached level 3 of The Dungeons of Doom. On T:81 you reached level 4 of The Dungeons of Doom. On T:111 you reached level 5 of The Dungeons of Doom. On T:132 you reached level 6 of The Dungeons of Doom. On T:136 you reached level 7 of The Dungeons of Doom. On T:161 you reached level 8 of The Dungeons of Doom. On T:174 you reached level 9 of The Dungeons of Doom. On T:201 you reached level 10 of The Dungeons of Doom. On T:220 you reached level 11 of The Dungeons of Doom. On T:276 you reached level 12 of The Dungeons of Doom. Score breakdown: Gold: 0 ( 0 points) Experience: 1 level ( 0 points) Exploration: 12 levels ( 25.00%) (14513 points) Discoveries: 0 items ( 0.00%) ( 0 points) Valuables value: (no points given unless you survive) Artifact value: 0 ( 0 points) Variety of kills: 1 monster ( 0.26%) ( 1536 points) Turncount: 280 turns ( 0 points) Survival: died (score multiplied by 80%) Total score: 12839 Latest messages: You continue digging downward. (2x) The Woodland-elf shoots a runed arrow! The runed arrow hits the Mordor orc. The Woodland-elf shoots 2 runed arrows! The 1st runed arrow hits the Mordor orc! The 2nd runed arrow hits the Mordor orc! The Mordor orc throws a knife! The knife hits the Woodland-elf. You stop exploring. A killer bee blocks your way. (2x) Where do you want to travel to? A killer bee blocks your way. You start digging downward. The killer bee stings! The killer bee's sting was poisoned! The Mordor orc picks up 2 runed arrows. You continue digging downward. The killer bee stings! You die... The sack is empty. The sack is empty. Final status: Goodbye badnik the Archeologist, killed by a killer bee... You died in The Dungeons of Doom on dungeon level 12 with 12839 points, and 0 pieces of gold, after 280 moves. You were level 1 with a maximum of 12 hit points when you died.